Map: Port Aleksander LE

Players

ShoWTimE - Winner!

  • Race: Protoss Protoss
  • League: Grandmaster
  • Spawn Location: 5:00

Reynor

  • Race: Zerg Zerg
  • League: Grandmaster
  • Spawn Location: 11:00

Event: IEM Season 13 - Katowice Server Qualifiers Europe

VOD

Have the link to the VOD?

Description

Time

  • Played on: Jan. 8, 2019, 1:01 p.m.
  • Length: 19:07

All games in this series

Show
View Real Time Build Order
Export as new Build Order

ShoWTimE Protoss - Winner!

Build Orders: 1 Gate Expand, Oracle Opening, Phoenix Opening, Carriers, Chargelot Immortal, Mass Phoenix 

Get SALT Encoding   

  12  0:00  Probe  
  13  0:12  Probe  
  14  0:18  Pylon  
  14  0:24  Probe  
  15  0:32  Probe  
  15  0:40  Probe  
  15  0:41  Gateway  
  16  0:47  Assimilator  
  17  0:51  Probe  
  18  1:03  Probe  
  19  1:15  Probe  
  20  1:26  Nexus  
  20  1:37  Cybernetics Core  
  21  1:40  Probe  
  21  1:47  Assimilator  
  21  1:52  Probe  
  22  1:55  Pylon  
  22  2:04  Probe  
  22  2:05  Adept  
  25  2:16  Probe  
  25  2:19  Stargate  
  26  2:24  Adept  
  26  2:25  Warp Gate  
  26  2:28  Probe  
  27  2:36  Probe  
  29  2:40  Probe  
  29  2:44  Probe  
  32  2:52  Probe  
  32  2:53  Stalker  
  32  2:55  Probe  
  32  2:58  Oracle  
  36  3:04  Probe  
  37  3:09  Probe  
  41  3:15  Pylon  
  41  3:17  Probe  
  42  3:21  Probe  
  42  3:24  Assimilator  
  42  3:26  Assimilator  
  43  3:29  Probe  
  43  3:33  Probe  
  45  3:36  Phoenix  
  45  3:41  Probe  
  48  3:42  Probe  
  48  3:44  Gateway  
  49  3:51  Probe  
  49  3:53  Probe, Pylon  
  51  4:00  Stargate, Probe  
  51  4:07  Probe  
  53  4:12  Probe  
  54  4:19  Probe  
  54  4:21  Phoenix  
  55  4:24  Probe, Pylon  
  58  4:31  Adept  
  60  4:38  Adept  
  60  4:40  Pylon  
  60  4:41  Phoenix  
  60  4:43  Phoenix  
  60  4:44  Probe  
  66  4:55  Probe  
  67  5:01  Phoenix  
  67  5:06  Nexus  
  69  5:09  Pylon  
  69  5:11  Probe x2  
  71  5:20  Phoenix  
  71  5:23  Shield Battery  
  71  5:24  Phoenix  
  75  5:31  Shield Battery  
  75  5:35  Sentry x2  
  79  5:41  Robotics Facility  
  79  5:47  Robotics Facility  
  79  5:49  Probe, Phoenix  
  82  5:52  Probe  
  83  6:01  Probe  
  80  6:04  Probe  
  80  6:09  Probe  
  79  6:14  Probe, Forge  
  79  6:15  Twilight Council  
  79  6:16  Probe  
  79  6:17  Probe  
  82  6:22  Probe  
  83  6:25  Immortal  
  83  6:27  Zealot  
  83  6:28  Probe x2  
  83  6:32  Probe  
  86  6:35  Immortal  
  87  6:40  Probe x2  
  87  6:44  Probe  
  81  6:49  Oracle  
  81  6:52  Probe x2, Zealot x2  
  85  6:56  Probe  
  89  7:04  Probe  
  91  7:08  Probe  
  91  7:12  Pylon  
  91  7:13  Zealot  
  93  7:23  Pylon  
  93  7:27  Charge, Protoss Ground Weapons Level 1  
  93  7:30  Gateway, Probe x3  
  93  7:33  Gateway  
  93  7:36  Immortal, Assimilator  
  96  7:37  Observer  
  96  7:38  Assimilator, Pylon  
  96  7:42  Templar Archives, Probe x2  
  96  7:43  Probe  
  100  7:49  Pylon  
  104  7:53  Sentry  
  104  7:55  Immortal  
  106  8:03  Zealot  
  106  8:04  Probe  
  112  8:09  Psionic Storm  
  112  8:12  Gateway  
  112  8:14  Gateway  
  112  8:16  Gateway  
  112  8:18  Immortal  
  114  8:30  High Templar x2  
  114  8:31  High Templar  
  120  8:35  Immortal  
  120  8:37  Gateway  
  121  8:50  Probe x2  
  121  8:54  Photon Cannon  
  123  8:55  High Templar  
  123  9:00  Pylon  
  123  9:01  Pylon  
  125  9:02  Protoss Ground Weapons Level 2  
  125  9:03  Pylon  
  125  9:18  Immortal, Pylon  
  125  9:20  High Templar, Pylon  
  125  9:21  High Templar x2  
  135  9:26  Nexus, Immortal  
  135  9:27  Pylon  
  139  9:31  Zealot x2  
  139  9:36  Pylon  
  143  9:44  Photon Cannon  
  143  9:53  Shield Battery  
  143  9:55  High Templar x2, Shield Battery  
  143  9:56  Zealot x3  
  153  10:01  Zealot x2  
  153  10:05  Archon  
  153  10:06  Photon Cannon  
  157  10:12  Immortal  
  161  10:19  Photon Cannon  
  161  10:23  Assimilator  
  161  10:26  Zealot x2  
  161  10:27  Assimilator  
  165  10:34  Probe x2  
  165  10:35  Probe  
  168  10:38  Fleet Beacon  
  168  10:46  High Templar x4  
  176  10:50  Archon  
  176  10:51  Archon  
  176  10:54  Immortal  
  180  10:57  Zealot x2  
  180  11:00  Pylon  
  180  11:03  Observer, Zealot  
  187  11:14  Pylon  
  187  11:19  Zealot x6  
  187  11:24  Mothership  
  199  11:31  Carrier x2  
  191  11:44  High Templar  
  191  11:46  Protoss Ground Weapons Level 3  
  199  12:00  Shield Battery  
  199  12:01  Shield Battery  
  199  12:02  Pylon  
  198  12:19  Stargate  
  188  12:24  Zealot x4  
  188  12:26  Nexus  
  188  12:27  Pylon  
  196  12:42  Zealot x2  
  200  12:49  Photon Cannon  
  190  12:51  Photon Cannon  
  190  12:53  Photon Cannon  
  190  12:54  High Templar x4  
  190  12:55  Photon Cannon  
  190  12:57  Shield Battery  
  194  12:59  Archon x2  
  194  13:01  Carrier  
  200  13:15  Protoss Air Weapons Level 1  
  197  13:23  Carrier  
  199  13:45  Observer  
  199  13:46  Oracle  
  199  13:49  Photon Cannon  
  199  13:50  Photon Cannon, Zealot  
  195  14:03  Carrier  
  195  14:04  Assimilator  
  195  14:09  Shield Battery  
  195  14:12  Pylon  
  193  14:17  Carrier  
  193  14:53  Void Ray  
  193  14:55  Protoss Shields Level 1  
  185  15:01  Assimilator  
  189  15:10  Blink  
  189  15:11  Carrier  
  189  15:14  Gateway  
  189  15:16  Zealot x5  
  191  15:27  Oracle  
  197  15:36  Void Ray  
  199  16:09  Gateway, High Templar x3  
  197  16:13  Protoss Air Weapons Level 2  
  197  16:15  Nexus  
  197  16:17  Pylon  
  197  16:35  Zealot  
  195  17:02  Carrier  
  193  17:14  Carrier  
  191  17:24  Void Ray  
  200  17:33  Nexus  
  200  17:35  Pylon  
  200  17:54  Gateway  
  200  17:56  Gateway  
  200  18:05  Gateway  
  200  18:06  Gateway  
  200  18:10  Observer  
  195  18:29  Observer x2, Gateway  
  195  18:46  Assimilator  
  195  18:50  Assimilator  
Show
View Real Time Build Order
Export as new Build Order

Reynor Zerg 

Build Orders: Hatch First, Lurkers 

Get SALT Encoding   

  12  0:00  Drone  
  13  0:12  Overlord  
  13  0:18  Drone  
  14  0:31  Drone x2  
  16  0:50  Hatchery  
  16  0:52  Drone  
  16  0:56  Drone  
  17  1:00  Drone  
  18  1:10  Extractor  
  17  1:17  Spawning Pool  
  16  1:19  Drone  
  16  1:23  Drone  
  18  1:29  Drone  
  19  1:39  Drone  
  20  1:49  Overlord  
  20  2:03  Zergling x2  
  20  2:04  Queen, Zergling x2  
  20  2:07  Queen  
  26  2:13  Metabolic Boost  
  26  2:17  Drone  
  26  2:20  Drone  
  28  2:23  Drone  
  28  2:26  Drone  
  30  2:44  Hatchery  
  30  2:46  Drone  
  30  2:48  Drone  
  31  2:54  Queen  
  31  2:58  Zergling x2  
  34  2:59  Zergling x2  
  34  3:04  Overlord  
  35  3:09  Drone  
  36  3:14  Overlord  
  36  3:24  Drone x2  
  36  3:25  Drone x3  
  41  3:27  Overlord  
  41  3:32  Queen  
  43  3:34  Drone  
  43  3:38  Drone  
  45  3:44  Overlord  
  45  3:52  Zergling x4  
  45  3:54  Zergling x2  
  45  3:55  Drone  
  48  4:03  Overlord  
  48  4:07  Drone x2  
  48  4:08  Queen, Drone  
  53  4:12  Roach Warren  
  53  4:13  Drone  
  53  4:16  Drone  
  50  4:20  Drone x2  
  52  4:24  Drone  
  52  4:25  Drone  
  52  4:27  Drone  
  52  4:29  Drone  
  56  4:31  Drone  
  56  4:32  Drone  
  56  4:34  Drone  
  56  4:36  Drone  
  60  4:38  Spore Crawler  
  60  4:41  Drone x2  
  60  4:43  Spore Crawler  
  59  4:48  Overlord  
  58  4:56  Roach x3  
  58  4:59  Extractor  
  63  5:01  Roach  
  63  5:03  Overlord  
  70  5:07  Roach x3  
  70  5:10  Drone x3  
  73  5:19  Drone  
  73  5:21  Queen  
  73  5:22  Drone x3  
  73  5:25  Evolution Chamber  
  73  5:26  Roach  
  73  5:28  Roach  
  81  5:32  Overlord  
  81  5:33  Overlord  
  81  5:45  Overlord  
  81  5:47  Overlord  
  81  5:50  Queen  
  81  5:55  Drone  
  81  5:56  Drone  
  81  5:57  Spore Crawler, Drone x7  
  84  5:59  Drone  
  84  6:02  Drone  
  84  6:03  Drone  
  85  6:05  Drone  
  85  6:08  Drone  
  86  6:11  Zergling x4  
  86  6:18  Zerg Missile Weapons Level 1  
  88  6:19  Zergling x6  
  91  6:25  Overlord  
  91  6:27  Drone x2  
  93  6:34  Zergling x6  
  93  6:35  Overlord  
  93  6:36  Drone x3  
  93  6:37  Zergling x4  
  97  6:42  Zergling x2  
  97  6:44  Overlord  
  97  6:46  Zergling x6  
  95  6:48  Lair, Drone  
  95  6:52  Extractor  
  95  6:54  Extractor  
  89  6:56  Queen  
  89  6:57  Drone x2  
  89  6:59  Zergling x2  
  90  7:05  Zergling x6  
  90  7:06  Zergling x2  
  90  7:07  Zergling x2  
  94  7:11  Extractor  
  94  7:14  Overlord  
  92  7:15  Drone  
  92  7:16  Drone  
  92  7:22  Drone x3  
  90  7:29  Drone x3  
  93  7:30  Drone x2  
  93  7:31  Drone x2  
  93  7:32  Queen, Drone  
  93  7:34  Drone  
  101  7:38  Drone  
  101  7:39  Extractor  
  101  7:41  Hatchery  
  101  7:43  Drone  
  102  7:44  Drone  
  102  7:49  Hydralisk Den  
  101  7:56  Overlord  
  94  8:13  Zerg Missile Weapons Level 2  
  94  8:20  Hydralisk  
  94  8:21  Hydralisk x10  
  94  8:22  Muscular Augments  
  94  8:24  Hydralisk x2  
  94  8:26  Drone x2  
  117  8:27  Drone  
  117  8:28  Drone x2  
  117  8:29  Drone  
  117  8:34  Hydralisk x3  
  121  8:36  Lurker Den  
  121  8:37  Drone x3  
  129  8:43  Hydralisk  
  129  8:52  Overlord  
  129  8:54  Hydralisk x3  
  135  8:57  Drone x3  
  135  8:58  Drone x3  
  139  9:06  Hydralisk x3  
  139  9:09  Zergling x4  
  147  9:12  Extractor  
  147  9:15  Hydralisk x3  
  147  9:16  Zergling x4  
  150  9:18  Hydralisk  
  150  9:23  Overlord  
  152  9:26  Zergling x8  
  152  9:30  Overlord  
  155  9:39  Grooved Spines  
  155  9:43  Overseer  
  155  9:44  Zergling x2  
  155  9:45  Zergling x10  
  161  9:51  Overlord  
  161  9:54  Hydralisk x3  
  167  10:03  Lurker x3  
  167  10:05  Zergling x14  
  177  10:13  Lurker  
  178  10:15  Overlord  
  178  10:18  Overlord  
  178  10:19  Lurker  
  178  10:20  Lurker x4  
  183  10:21  Overlord  
  183  10:24  Overlord  
  183  10:28  Lurker  
  184  10:29  Overlord  
  184  10:37  Lurker x2  
  184  10:38  Hydralisk x2  
  184  10:40  Drone x5  
  184  10:41  Drone x2  
  184  10:42  Extractor  
  196  10:49  Hydralisk x2  
  200  10:51  Hatchery  
  200  10:54  Infestation Pit  
  195  11:09  Zergling x8  
  192  11:24  Hydralisk x7  
  200  11:29  Drone  
  200  11:30  Drone x4  
  200  11:32  Drone x4  
  194  11:34  Zergling x12  
  194  11:35  Drone  
  194  11:38  Drone  
  192  11:42  Hydralisk x2  
  192  11:44  Lurker x2  
  192  11:45  Lurker  
  192  11:46  Hive  
  188  11:49  Lurker  
  188  11:50  Hydralisk, Zergling x8  
  188  11:53  Hydralisk  
  197  11:54  Zergling x6  
  200  12:06  Overlord  
  200  12:07  Overlord  
  200  12:20  Zerg Melee Weapons Level 1  
  194  12:24  Drone x5  
  186  13:02  Hydralisk x5  
  186  13:03  Hydralisk  
  196  13:14  Extractor, Drone x5  
  196  13:15  Overlord, Extractor  
  196  13:22  Lurker  
  196  13:23  Lurker x7  
  196  13:25  Zergling x2  
  198  13:29  Spire  
  197  13:36  Lurker x3  
  200  14:02  Pneumatized Carapace  
  200  14:03  Overseer x3  
  198  14:14  Zerg Missile Weapons Level 3  
  185  14:51  Corruptor x5  
  185  14:52  Corruptor x10  
  188  15:00  Zergling x24  
  188  15:03  Zerg Flyer Weapons Level 1  
  200  15:09  Spine Crawler  
  200  15:12  Spine Crawler  
  200  15:13  Lurker x2  
  200  15:20  Adrenal Glands  
  200  15:29  Hatchery  
  189  15:42  Corruptor x5  
  198  16:16  Zergling x4  
  200  16:18  Overseer x2  
  184  16:57  Hydralisk x9  
  183  17:26  Infestor x5  
  183  17:27  Infestor x4  
  196  17:35  Neural Parasite  
  196  17:36  Hatchery  
  195  17:38  Lurker x4  
  199  17:47  Adaptive Talons  
  199  17:50  Lurker  
  197  18:07  Infestor x3  
  176  18:21  Hydralisk  
  176  18:22  Hydralisk x15  
  176  18:26  Overseer x3  
  179  18:28  Overlord  
  179  18:29  Overlord  
  173  18:34  Hydralisk x6  
  173  18:37  Overlord  
  173  18:39  Overlord  
  173  18:41  Overlord x5  
  174  18:46  Zergling x2  
  174  18:47  Zergling x4  
  176  18:50  Zergling x8  

Tags
 
Add a new tag
Caveats
  • Supply blocks, unpowered buildings, or Contaminate may cause inaccurate times.
  • Supply counts are checked every 10 seconds.